 Dungeon Crawl Stone Soup version 0.25-a0-100-g33052ceff8 (webtiles) character file.

Game seed: 12533787734727028055, levelgen mode: deterministic

366544 RatsArse the Severer (level 23, -14/206 HPs)
             Began as a Formicid Venom Mage on Nov 14, 2019.
             Was a High Priest of Uskayaw.
             Killed from afar by a shadow dragon (45 damage)
             ... with a bolt of negative energy
             ... on level 5 of the Vaults on Nov 15, 2019.
             The game lasted 03:31:15 (51808 turns).

RatsArse the Severer (Formicid Venom Mage)         Turns: 51808, Time: 03:31:15

Health: -14/206    AC: 33    Str: 24    XL:     23   Next: 61%
Magic:  37/37      EV:  7    Int: 17    God:    Uskayaw [*****.]
Gold:   2586       SH: 15    Dex:  9    Spells: 28/42 levels left

rFire    + . .     SeeInvis +   a - +9 battleaxe (flame)
rCold    . . .     Gourm    .   M - +0 shield
rNeg     . . .     Faith    .   U - +3 plate armour {rF+}
rPois    +         Spirit   .   (helmet unavailable)
rElec    .         Reflect  +   A - +2 cloak {rPois}
rCorr    .         Harm     .   J - +2 pair of gloves {Str+3}
MR       +++..                  N - +2 pair of boots {run}
Stlth    ..........             s - +5 amulet of reflection
HPRegen  0.44/turn              O - ring of protection from magic
MPRegen  0.25/turn              d - ring of wizardry

@: heavily drained, quick
A: permanent stasis, dig shafts and tunnels, four strong arms, antennae 3,
yellow scales 1, clumsy 1, robust 1, screaming 1
}: 2/15 runes: decaying, gossamer
a: Dig, Shaft Self, Stomp, Line Pass, Grand Finale, Renounce Religion


You were on level 5 of the Vaults.
You worshipped Uskayaw.
Uskayaw was pleased with you.
You were not hungry.

You visited 6 branches of the dungeon, and saw 36 of its levels.
You also visited: Ice Cave.

You collected 4755 gold pieces.
You spent 2169 gold pieces at shops.

Inventory:

Hand Weapons
 a - a +9 battleaxe of flaming (weapon)
 e - the +4 hand axe of Sah Ewn {chop, rElec rPois rC- rN++}
   (You found it on level 6 of the Lair of Beasts)

   It inflicts extra damage upon your enemies.
   It makes you vulnerable to cold.
   It insulates you from electricity.
   It protects you from poison.
   It greatly protects you from negative energy.
Missiles
 f - 50 boomerangs (quivered)
 m - 20 javelins
 w - 26 atropa-tipped darts
 F - 6 silver boomerangs
 H - 5 throwing nets
Armour
 i - a +2 cloak of invisibility
 A - a +2 cloak of poison resistance (worn)
 J - a +2 pair of gloves of strength (worn)
 M - a +0 shield (worn)
 N - a +2 pair of boots of running (worn)
 U - a +3 plate armour of fire resistance (worn)
Jewellery
 d - a ring of wizardry (right hand)
 p - an uncursed ring of magical power
 q - an uncursed ring of protection from cold
 s - a +5 amulet of reflection (around neck)
 t - an uncursed ring of protection from fire
 O - a ring of protection from magic (left hand)
 T - an uncursed ring of protection from cold
Wands
 g - a wand of acid (8)
 k - a wand of digging (12)
 l - a wand of disintegration (27)
 u - a wand of clouds (3)
 K - a wand of polymorph (14)
 P - a wand of iceblast (32)
Scrolls
 n - a scroll of summoning
 r - 4 scrolls of fear
 y - 4 scrolls of fog
 z - 9 scrolls of magic mapping
 I - 11 scrolls of remove curse
 L - 7 scrolls of identify
 Q - a scroll of enchant armour
Potions
 h - 5 potions of lignification
 j - 9 potions of curing
 o - 4 potions of magic
 v - 6 potions of flight
 x - 2 potions of ambrosia
 B - 2 potions of invisibility
 C - 2 potions of brilliance
 G - a potion of resistance
 W - 3 potions of cancellation
 X - 3 potions of might
 Z - 3 potions of agility
Miscellaneous
 E - 2 phantom mirrors
 V - a lamp of fire
Comestibles
 c - 50 rations


   Skills:
 + Level 17.2(14.5) Fighting
 - Level 19.9(17.1) Axes
   Level 0.8(11.1) Polearms
 * Level 6.7(4.6) Throwing
 * Level 19.4(16.5) Armour
 - Level 1.7(0.0) Dodging
 - Level 2.4(0.5) Stealth
 - Level 9.1(6.8) Shields
 - Level 0.1(0.0) Unarmed Combat
 - Level 10.0(7.7) Spellcasting
 + Level 1.3(0.0) Conjurations
 * Level 9.3(7.0) Summonings
 - Level 7.0(4.8) Air Magic
 - Level 10.0(7.7) Poison Magic
 * Level 14.7(12.2) Invocations
 - Level 6.0(4.0) Evocations


You had 28 spell levels left.
You knew the following spells:

 Your Spells              Type           Power        Failure   Level  Hunger
a - Sting                 Conj/Pois      ###.         11%         1    None
b - Poisonous Vapours     Pois/Air       ####..       6%          2    None
c - Mephitic Cloud        Conj/Pois/Air  ###.....     26%         3    #......
d - Olgreb's Toxic Radia  Pois           ####....     21%         4    ###....
e - Summon Lightning Spi  Summ/Air       ####....     38%         4    ###....

Your spell library contained the following spells:

 Spells                   Type           Power        Failure   Level  Hunger
 Summon Small Mammal      Summ           ####         2%          1    None
 Call Imp                 Summ           ####....     4%          2    None
 Call Canine Familiar     Summ           ####....     9%          3    #......
 Summon Guardian Golem    Hex/Summ       ###.....     32%         3    #......
 Animate Skeleton         Necr           N/A          43%         1    None
 Apportation              Tloc           #.....       43%         1    None
 Confusing Touch          Hex            #.....       43%         1    None
 Corona                   Hex            #......      43%         1    None
 Magic Dart               Conj           #...         43%         1    None
 Static Discharge         Conj/Air       ##......     45%         3    #......
 Corpse Rot               Necr           N/A          56%         2    None
 Ensorcelled Hibernation  Hex/Ice        #.....       56%         2    None
 Searing Ray              Conj           #.....       56%         2    None
 Slow                     Hex            #.......     56%         2    None
 Sublimation of Blood     Necr           #.........   56%         2    None
 Summon Ice Beast         Ice/Summ       ###.....     71%         4    ###....
 Confuse                  Hex            #.......     78%         3    #......
 Conjure Flame            Conj/Fire      #.......     78%         3    #......
 Dazzling Spray           Conj/Hex       #.....       78%         3    #......
 Tukima's Dance           Hex            #.......     78%         3    #......
 Venom Bolt               Conj/Pois      ###.......   93%         5    #####..
 Force Lance              Conj/Tloc      #.......     99%         4    ###....
 Fulminant Prism          Conj/Hex       #.........   99%         4    ###....
 Iskenderun's Mystic Bla  Conj           #.......     99%         4    ###....
 Lightning Bolt           Conj/Air       ##........   99%         5    #####..
 Agony                    Necr           #.......     100%        5    #####..
 Bolt of Draining         Conj/Necr      #.........   100%        5    #####..
 Dispel Undead            Necr           #.......     100%        5    #####..
 Excruciating Wounds      Chrm/Necr      #.........   100%        5    #####..
 Ignition                 Fire           #.........   100%        8    #######
 Shatter                  Erth           #.........   100%        9    #######
 Tornado                  Air            ###.......   100%        9    #######
 Blink                    Tloc           Unusable     N/A         2    N/A

Dungeon Overview and Level Annotations

Branches:
Dungeon (15/15)            Temple (0/1) D:6            Lair (6/6) D:11
  Swamp (4/4) Lair:3       Spider (4/4) Lair:2        Slime (0/5) Lair:5
    Orc (2/2) D:12            Elf (0/3) Orc:2        Vaults (5/5) D:14
  Crypt (0/3) Vaults:3     Depths (0/5) D:15          IceCv (visited)

Altars:
Cheibriados
Dithmenos
Elyvilon
Gozag
Qazlal
Ru
Trog
Uskayaw
Xom
Zin
The Shining One
Beogh

Shops:
D:11 (   D:12 [   D:15 ?   Orc:2 [(:[**([(   Vaults:2 (   Vaults:4 }

Portals:
Trove: D:13 (give +2 storm dragon scales)

Annotations:
D:5 exclusion: downstairs
D:7 exclusion: ice beast
D:9 2 transporters, exclusion: downstairs, soulesssniper's ghost, journeyman GnEE
D:14 exclusion: door
Lair:6 3 runed translucent doors, sigonnn's ghost, journeyman MiBe
Spider:3 exclusion: upstairs


Innate Abilities, Weirdness & Mutations

You cannot be hasted, slowed, berserked, paralysed or teleported.
You can dig through walls and to a lower floor.
Your four strong arms can wield two-handed weapons with a shield.
You have a pair of large antennae on your head. (SInv)
You are partially covered in yellow scales. (AC +2)
You are clumsy. (Dex -2)
You are robust. (+10% HP)
You occasionally shout uncontrollably at your foes.


Message History

You block the shadow dragon's attack.
Unknown command.
You hit the shadow dragon but do no damage.
The shadow dragon is heavily wounded.
The shadow dragon bites you but does no damage.
The shadow dragon claws you but does no damage.
The shadow dragon closely misses you.
Unknown command.
You closely miss the shadow dragon.
The shadow dragon is heavily wounded.
You block the shadow dragon's attack. x2; The shadow dragon barely misses you.
Unknown command.
You slash the shadow dragon! You burn the shadow dragon.
The shadow dragon is heavily wounded.
Unknown command.
You hit the shadow dragon but do no damage.
The shadow dragon is heavily wounded.
The shadow dragon breathes negative energy at you.
The bolt of negative energy hits you!!!
You feel drained.
You die...

................).#...
#....##.%...##....#####...
#....##.....##....# #...
#D...##...##....## #...
#....##.).##....# #...
#....##.##....##{ #...
#..?.##)##....# #....#.#
...## .##....#@#.p..##
........D.)......
..##....###....## #....#
....# #....## ....# #....
....# #^...# .... #....
.... ....#


You could see a shadow dragon.

Vanquished Creatures
  Mara (Swamp:4)
  the Lernaean hydra (Swamp:4)
  Xtahua (Vaults:2)
  Nikola (Spider:2)
  Arachne (Spider:4)
  Rupert (D:13)
  A tentacled monstrosity (Vaults:5)
  The ghost of AarnesTheHuman the Warrior, an adept HOFE of Vehumet (Spider:1)
  3 titans (Vaults:5)
  3 shadow dragons
  5 tengu reavers
  4 thorn hunters
  3 storm dragons
  A revenant (Vaults:3)
  Kirke (Spider:4)
  Agnes (D:15)
  4 fire giants
  14 vault wardens
  8 ghost moths
  A deep elf sorcerer (Vaults:4)
  2 orc warlords (Orc:2)
  A curse skull (Vaults:3)
  4 emperor scorpions
  3 frost giants
  13 ironheart preservers
  7 very ugly things
  A war gargoyle (Vaults:5)
  6 entropy weavers
  Nessos (Lair:6)
  7 stone giants
  A deep elf demonologist (Vaults:1)
  2 dire elephants
  4 spark wasps
  6 ettins
  An eidolon (Vaults:3)
  A deep elf death mage (Vaults:1)
  2 fire dragons
  Josephine (Lair:6)
  13 yaktaur captains
  A deep elf high priest (Vaults:5)
  A great orb of eyes (Vaults:5)
  30 vault guards
  Harold (Lair:1)
  2 rakshasas
  A ghost crab (Swamp:4)
  7 ice dragons
  Erolcha (D:11)
  A catoblepas (Lair:6)
  4 centaur warriors
  An anaconda (shapeshifter) (Vaults:5)
  24 hydras
  A shambling mangrove (Swamp:3)
  11 alligators
  2 death knights
  6 ogre magi
  14 two-headed ogres
  A dancing weapon (Vaults:5)
  A deep troll earth mage (Vaults:4)
  8 death yaks
  A deep troll shaman (Lair:6)
  4 tengu warriors
  A queen ant (Lair:5)
  Urug (D:13)
  5 orc high priests (Orc:2)
  8 deep elf knights
  2 skeletal warriors
  4 deep trolls (Vaults:4)
  A spriggan druid (Swamp:4)
  2 unseen horrors (shapeshifter)
  4 unseen horrors
  4 wizards
  10 swamp dragons
  A glowing orange brain (shapeshifter) (Vaults:3)
  Pikel (D:8)
  3 glowing orange brains
  15 ironbrand convokers
  A flayed ghost (Vaults:4)
  8 deep elf archers
  13 orc knights
  13 orb spiders
  4 harpies (Vaults:4)
  A phantasmal warrior (D:13)
  A mana viper (shapeshifter) (D:15)
  17 deep elf magi
  An orb spider (shapeshifter) (D:15)
  A necromancer (Vaults:2)
  4 oklob plants (Lair:4)
  3 manticores
  9 orc sorcerers
  31 ugly things
  29 wolf spiders
  12 elephants
  2 moths of wrath
  4 cyclopes
  A salamander (D:15)
  Maurice (D:13)
  15 vault sentinels
  6 black mambas
  A guardian serpent (shapeshifter) (Vaults:3)
  A black mamba (shapeshifter) (Vaults:2)
  An ice statue (IceCv)
  A gargoyle (D:13)
  16 spiny frogs
  3 torpor snails
  5 freezing wraiths
  12 demonic crawlers
  3 rime drakes
  5 komodo dragons
  29 yaktaurs
  2 polar bears (shapeshifter)
  17 tyrant leeches
  2 ice devils (Lair:3)
  A tengu conjurer (D:15)
  45 jumping spiders
  A jumping spider (shapeshifter) (D:15)
  16 polar bears
  18 hornets
  A meliai (shapeshifter) (Vaults:2)
  12 trolls
  15 bog bodies
  2 hippogriffs (shapeshifter)
  18 slime creatures
  13 blink frogs
  A stone giant simulacrum (Vaults:2)
  2 centaur simulacra (D:14)
  A snapping turtle (shapeshifter) (Vaults:5)
  12 hippogriffs
  An ettin skeleton (Vaults:2)
  3 spriggans (Swamp:1)
  9 wraiths
  75 redbacks
  5 wyverns
  2 vampires
  24 tarantellas
  4 basilisks
  A water elemental (D:15)
  7 hogs
  65 yaks
  4 humans
  15 vampire mosquitoes
  4 hungry ghosts
  14 swamp worms
  28 water moccasins
  5 insubstantial wisps (Swamp:2)
  8 wargs
  5 soldier ants (Lair:5)
  2 acid dragons
  A deep troll skeleton (Vaults:2)
  10 porcupines
  18 swamp drakes
  48 orc warriors
  13 human skeletons
  4 sky beasts
  4 black bears
  2 ice beasts
  An eye of draining (shapeshifter) (Vaults:4)
  4 phantoms
  23 ogres
  2 necrophages
  24 wolves
  10 centaurs
  12 crocodiles
  2 big kobolds
  2 gnoll sergeants
  14 bullfrogs
  A wyvern zombie (D:10)
  7 scorpions
  A killer bee (D:5)
  A water moccasin skeleton (D:5)
  5 howler monkeys
  2 wights
  7 electric eels
  10 crimson imps
  3 bullfrog zombies
  A quasit (D:7)
  7 hounds
  3 centaur skeletons
  4 jellies
  3 centaur zombies
  2 bullfrog skeletons
  28 orc priests
  Ijyb (D:3)
  A gnoll shaman (Orc:1)
  41 orc wizards
  Natasha (twice) (D:3)
  4 iguanas
  25 worker ants
  A killer bee zombie (D:7)
  2 hound skeletons
  12 gnolls
  A howler monkey skeleton (D:4)
  18 adders
  6 shadow imps
  An ooze (D:6)
  An adder zombie (D:5)
  3 worms (D:2)
  4 dart slugs
  3 leopard geckos
  106 orcs
  4 giant cockroaches
  6 goblins
  12 hobgoblins
  A jackal (D:5)
  6 quokkas
  4 ball pythons
  A ball python skeleton (D:6)
  13 bats
  4 frilled lizards
  19 kobolds
  2 leopard gecko zombies
  A quokka skeleton (D:4)
  2 quokka zombies (D:6)
  10 rats (D:1)
  3 fungi
  7 plants
1637 creatures vanquished.

Vanquished Creatures (collateral kills)
  A vault warden (Vaults:5)
  An ironheart preserver (Vaults:2)
  A deep elf mage (Vaults:2)
3 creatures vanquished.

Vanquished Creatures (others)
  An ironheart preserver (Vaults:1)
  A stone giant (Vaults:5)
  2 deep elf archers
  2 yaktaurs
  A jumping spider (Spider:2)
  A hornet (Swamp:3)
  A human (Spider:4)
  An orc warrior (Vaults:2)
  An orc (Vaults:4)
  22 fungi
  10 plants
43 creatures vanquished.

Grand Total: 1683 creatures vanquished

Notes
Turn   | Place    | Note
-------+----------+-------------------------------------------
     0 | D:1      | RatsArse the Formicid Venom Mage began the quest for the
                  | Orb.
     0 | D:1      | Reached XP level 1. HP: 13/13 MP: 3/3
    76 | D:1      | Reached skill level 1 in Conjurations
   197 | D:1      | Reached XP level 2. HP: 19/19 MP: 1/5
   326 | D:1      | Learned a level 2 spell: Poisonous Vapours
   635 | D:1      | Reached XP level 3. HP: 24/24 MP: 2/6
  1244 | D:1      | Reached skill level 5 in Poison Magic
  1273 | D:1      | Reached skill level 1 in Armour
  1670 | D:2      | Found a hide-covered altar of Uskayaw.
  1799 | D:2      | Reached XP level 4. HP: 29/30 MP: 7/7
  2432 | D:3      | Learned a level 3 spell: Mephitic Cloud
  2436 | D:3      | Noticed Natasha
  2438 | D:3      | Killed Natasha
  2570 | D:3      | Reached XP level 5. HP: 35/35 MP: 9/9
  2744 | D:3      | Reached skill level 1 in Air Magic
  2962 | D:3      | Noticed Natasha
  2968 | D:3      | Killed Natasha
  3093 | D:3      | You fall into a shaft and drop 3 floors!
  3293 | D:5      | Entered Level 5 of the Dungeon
  3298 | D:5      | Noticed an ogre
  3313 | D:5      | Killed an ogre
  3313 | D:5      | Reached XP level 6. HP: 23/42 MP: 5/11
  3319 | D:5      | Learned a level 4 spell: Olgreb's Toxic Radiance
  3450 | D:5      | Reached skill level 1 in Fighting
  3597 | D:4      | Reached XP level 7. HP: 31/48 MP: 5/13
  4420 | D:4      | Found a bloodstained altar of Trog.
  4747 | D:3      | Noticed Ijyb
  4753 | D:3      | Killed Ijyb
  5030 | D:5      | Reached XP level 8. HP: 49/54 MP: 7/15
  5031 | D:5      | Reached skill level 1 in Axes
  5031 | D:5      | Reached skill level 1 in Shields
  5176 | D:5      | Reached skill level 5 in Spellcasting
  6239 | D:5      | Found a glowing silver altar of Zin.
  6240 | D:5      | Noticed an angel
  6378 | D:2      | Became a worshipper of Uskayaw the Reveler
  6465 | D:4      | Reached * piety under Uskayaw
  6475 | D:4      | Reached ** piety under Uskayaw
  6484 | D:4      | Reached skill level 1 in Throwing
  6484 | D:4      | Reached XP level 9. HP: 54/59 MP: 17/17
  6574 | D:6      | Found a staircase to the Ecumenical Temple.
  7064 | D:6      | Found a glowing golden altar of the Shining One.
  7924 | D:7      | Reached skill level 5 in Armour
  8181 | D:7      | Noticed a hornet
  8189 | D:7      | Killed a hornet
  8325 | D:7      | Found a glowing golden altar of the Shining One.
  8458 | D:7      | Noticed a cyan ugly thing
  8479 | D:7      | Killed a cyan ugly thing
  8479 | D:7      | Reached XP level 10. HP: 15/66 MP: 2/19
  9415 | D:8      | Got a crude chain mail
  9426 | D:8      | Identified the +5 chain mail of the Lotus Blossom {Int+2}
                  | (You found it on level 8 of the Dungeon)
  9660 | D:8      | Reached *** piety under Uskayaw
  9661 | D:8      | Reached skill level 10 in Poison Magic
 10017 | D:8      | Found a stormy altar of Qazlal.
 10063 | D:8      | Got a ripped robe
 10074 | D:8      | Identified the +2 robe of the Untouchables {rElec Int-4
                  | SInv} (You found it on level 8 of the Dungeon)
 10266 | D:8      | Noticed Pikel
 10277 | D:8      | Killed Pikel
 10277 | D:8      | Reached skill level 5 in Axes
 10341 | D:8      | Found a sacrificial altar of Ru.
 10457 | D:9      | Gained mutation: Armour fits poorly on your strangely
                  | shaped body. [potion of mutation]
 10457 | D:9      | Gained mutation: Your flesh is cold resistant. (rC+)
                  | [potion of mutation]
 10458 | D:9      | Lost mutation: Armour fits poorly on your strangely shaped
                  | body. [potion of mutation]
 10458 | D:9      | Lost mutation: Your flesh is cold resistant. (rC+) [potion
                  | of mutation]
 10458 | D:9      | Gained mutation: You are robust. (+10% HP) [potion of
                  | mutation]
 10458 | D:9      | Gained mutation: You are partially covered in yellow
                  | scales. (AC +2) [potion of mutation]
 10461 | D:9      | Found a transporter.
 10476 | D:9      | Noticed a two-headed ogre
 10479 | D:9      | Noticed a two-headed ogre
 10489 | D:9      | Noticed a moth of wrath
 10515 | D:9      | Noticed a cyclops
 10630 | D:9      | Noticed a two-headed ogre
 10646 | D:9      | Found a white marble altar of Elyvilon.
 10803 | D:9      | Found a transporter.
 10896 | D:9      | Reached XP level 11. HP: 82/82 MP: 21/21
 11026 | D:9      | Reached skill level 5 in Shields
 11249 | D:9      | Found a bloodstained altar of Trog.
 11330 | D:9      | Noticed soulesssniper's ghost (journeyman GnEE)
 11368 | D:10     | Entered Level 10 of the Dungeon
 11690 | D:10     | Noticed a two-headed ogre
 11884 | D:9      | Killed a two-headed ogre
 12338 | D:10     | Noticed a manticore
 12338 | D:10     | Noticed a fire dragon
 12398 | D:10     | Paralysed by fainting for 11 turns
 12435 | D:10     | Found a shimmering altar of Xom.
 12440 | D:10     | Found a shimmering altar of Xom.
 12440 | D:10     | Found a shimmering altar of Xom.
 12441 | D:10     | Found a shimmering altar of Xom.
 12441 | D:10     | Found a shimmering altar of Xom.
 12444 | D:10     | Found a shimmering altar of Xom.
 12444 | D:10     | Found a shimmering altar of Xom.
 12477 | D:10     | Found a shadowy altar of Dithmenos.
 12565 | D:10     | Reached **** piety under Uskayaw
 12572 | D:10     | Reached ***** piety under Uskayaw
 12582 | D:10     | Reached ****** piety under Uskayaw
 12916 | D:10     | Noticed a deep elf mage
 12932 | D:10     | Killed a manticore
 12932 | D:10     | Reached XP level 12. HP: 41/92 MP: 2/22
 12932 | D:10     | Reached skill level 10 in Armour
 13508 | D:11     | Found Daym's Weapon Boutique.
 13509 | D:11     | Found a staircase to the Lair.
 13737 | D:11     | Reached skill level 1 in Evocations
 13862 | D:11     | Got a bloodstained spear
 13863 | D:11     | Identified the cursed +2 spear "Qirrafyoj" {freeze, +Inv
                  | Int+2 Dex+2 SInv} (You found it on level 11 of the Dungeon)
 13896 | D:11     | Noticed Erolcha
 13905 | D:11     | Killed Erolcha
 13905 | D:11     | Reached skill level 5 in Fighting
 14156 | D:11     | Noticed an unseen horror
 14166 | D:11     | Killed an unseen horror
 14391 | D:10     | You fall into a shaft and drop 1 floor!
 14482 | D:11     | Noticed a two-headed ogre
 14495 | D:11     | Killed a two-headed ogre
 14696 | D:11     | You fall into a shaft and drop 1 floor!
 14696 | D:12     | Found a staircase to the Orcish Mines.
 14696 | D:12     | Noticed a five-headed hydra
 15263 | D:12     | Reached XP level 13. HP: 97/102 MP: 7/23
 15306 | D:12     | Killed a five-headed hydra
 15306 | D:12     | Reached skill level 10 in Axes
 15543 | D:12     | Reached skill level 1 in Invocations
 15594 | D:12     | Found Empepr Biet's Antique Armour Shop.
 15662 | D:12     | Bought an ichor-stained plate armour for 840 gold pieces
 15672 | D:12     | Identified the +0 plate armour of Fedhas's Anger {rN+ rCorr
                  | Str+2 Dex-2} (You bought it in a shop on level 12 of the
                  | Dungeon)
 15672 | D:12     | Bought a pair of runed gloves for 225 gold pieces
 15956 | D:12     | Noticed a six-headed hydra
 15971 | D:12     | Killed a six-headed hydra
 16502 | D:13     | Noticed a five-headed hydra
 16748 | D:13     | Noticed Maurice
 16772 | D:13     | Killed a five-headed hydra
 16783 | D:13     | Killed Maurice
 17422 | D:13     | Noticed Rupert
 17447 | D:13     | Killed Rupert
 17750 | D:13     | Noticed Urug
 17770 | D:13     | Killed Urug
 18200 | D:13     | Found a portal to a secret trove of treasure.
 18352 | D:14     | Noticed an eight-headed hydra
 18363 | D:14     | Killed a two-headed hydra
 18596 | D:14     | Noticed an eight-headed hydra
 18602 | D:14     | Reached XP level 14. HP: 113/113 MP: 23/24
 18606 | D:14     | Reached skill level 5 in Invocations
 18634 | D:14     | Identified 2 scrolls of acquirement
 19532 | D:14     | Noticed a storm dragon
 19532 | D:14     | Noticed a fire giant
 19536 | D:14     | You fall into a shaft and drop 1 floor!
 19536 | D:15     | Entered Level 15 of the Dungeon
 19536 | D:15     | Found Gocetum's Magic Scroll Shoppe.
 19693 | D:15     | Bought a scroll of magic mapping for 45 gold pieces
 19693 | D:15     | Bought a scroll of enchant weapon for 97 gold pieces
 19808 | D:15     | Reached skill level 5 in Evocations
 20526 | D:15     | Noticed a dire elephant
 20539 | D:15     | Killed a dire elephant
 20626 | D:15     | Found a staircase to the Depths.
 20781 | D:15     | Noticed Agnes
 20791 | D:15     | Killed Agnes
 20791 | D:15     | Reached XP level 15. HP: 106/123 MP: 20/25
 21137 | Lair:1   | Entered Level 1 of the Lair of Beasts
 21294 | Lair:1   | Noticed Harold
 21306 | Lair:1   | Killed Harold
 21769 | Lair:2   | Found a hole to the Spider Nest.
 22340 | Lair:3   | Found a white marble altar of Elyvilon.
 22432 | Lair:3   | Found a staircase to the Swamp.
 22548 | Lair:3   | Found a frozen archway.
 22566 | IceCv    | Entered an ice cave
 23239 | IceCv    | Reached skill level 5 in Throwing
 23332 | IceCv    | Noticed a frost giant
 23343 | IceCv    | Killed a frost giant
 25316 | Lair:4   | Reached skill level 10 in Fighting
 25316 | Lair:4   | Reached XP level 16. HP: 118/134 MP: 26/26
 25671 | Lair:4   | You fall into a shaft and drop 2 floors!
 25671 | Lair:6   | Entered Level 6 of the Lair of Beasts
 25710 | Lair:6   | Reached skill level 15 in Axes
 25728 | Lair:6   | Got a brightly glowing spear
 26078 | Lair:6   | Noticed sigonnn's ghost (journeyman MiBe)
 26083 | Lair:6   | Found a runed translucent gate.
 26083 | Lair:6   | Found a runed translucent gate.
 26084 | Lair:6   | Found a runed translucent gate.
 26180 | Lair:6   | Noticed Josephine
 26189 | Lair:6   | Killed Josephine
 26242 | Lair:6   | Noticed Nessos
 26263 | Lair:6   | Killed Nessos
 26600 | Lair:6   | Identified the +6 spear of the Spectre {holy, +Inv rC+}
                  | (You found it on level 6 of the Lair of Beasts)
 26924 | Lair:6   | Found a shimmering altar of Xom.
 26961 | Lair:6   | Got an iridescent hand axe
 27351 | Lair:5   | Found a staircase to the Slime Pits.
 27644 | Lair:5   | Reached skill level 15 in Armour
 28227 | Lair:5   | Identified the +4 hand axe of Sah Ewn {chop, rElec rPois
                  | rC- rN++} (You found it on level 6 of the Lair of Beasts)
 28449 | Orc:1    | Entered Level 1 of the Orcish Mines
 28667 | Orc:2    | Entered Level 2 of the Orcish Mines
 28667 | Orc:2    | Found Geod's Antique Armour Shop.
 28853 | Orc:2    | Found a staircase to the Elven Halls.
 28893 | Orc:2    | Found Cuoraud's Assorted Antiques.
 28910 | Orc:2    | Found Egu Mama's Antique Weapon Shop.
 28914 | Orc:2    | Bought a bound emerald amulet for 130 gold pieces
 28914 | Orc:2    | Bought a scroll of identify for 52 gold pieces
 28914 | Orc:2    | Identified the amulet of Xigg {Faith rPois rF+ MP+9} (You
                  | bought it in a shop on level 2 of the Orcish Mines)
 29041 | Orc:2    | Found Raixzeng's Armour Boutique.
 29049 | Orc:2    | Reached XP level 17. HP: 134/144 MP: 21/27
 29554 | Orc:2    | Found Oxucodis's Antique Weapon Shop.
 29608 | Orc:2    | Found a roughly hewn altar of Beogh.
 29695 | Orc:2    | Found Qoytemp's General Store.
 29696 | Orc:2    | Found Ricrops's Book Boutique.
 29697 | Orc:2    | Found Wyoc's Antique Armour Boutique.
 29697 | Orc:2    | Found Zuvawut's Antique Weapon Shop.
 30078 | Orc:1    | Found a roughly hewn altar of Beogh.
 30145 | Orc:2    | Got a scorched buckler
 30170 | Orc:2    | Identified the +0 buckler of Moral Flaws {rPois rF+ rN+
                  | Slay-2} (You acquired it on level 2 of the Orcish Mines)
 30312 | Spider:1 | Entered Level 1 of the Spider Nest
 30740 | Spider:1 | Found a transporter.
 30805 | Spider:1 | Found a transporter.
 30832 | Spider:1 | Found a runed translucent gate.
 30833 | Spider:1 | Found a runed translucent gate.
 30834 | Spider:1 | Found a runed translucent gate.
 30834 | Spider:1 | Noticed AarnesTheHuman's ghost (adept HOFE)
 30983 | Spider:2 | Noticed Nikola
 31000 | Spider:2 | Killed Nikola
 31120 | Spider:2 | Identified a +0 pair of boots of running (You acquired it
                  | on level 2 of the Spider Nest)
 31231 | Spider:2 | You fall into a shaft and drop 1 floor!
 31366 | Spider:3 | Reached XP level 18. HP: 126/154 MP: 1/28
 32040 | Spider:3 | Learned a level 4 spell: Summon Lightning Spire
 32355 | Spider:3 | Identified the +5 ring mail of Udav {-Cast +Blink rF+ rC+}
                  | (You found it on level 3 of the Spider Nest)
 32371 | Spider:4 | Entered Level 4 of the Spider Nest
 32704 | Spider:4 | Noticed Arachne
 32724 | Spider:4 | Killed Arachne
 33055 | Spider:4 | Noticed Kirke
 33065 | Spider:4 | Killed Kirke
 34452 | Spider:1 | You fall into a shaft and drop 1 floor!
 34649 | Spider:1 | Killed AarnesTheHuman's ghost
 34649 | Spider:1 | Reached skill level 10 in Invocations
 35125 | Spider:1 | Identified the cursed +0 pair of gloves "Raty" {rN+} (You
                  | found it on level 1 of the Spider Nest)
 36062 | Spider:4 | Reached XP level 19. HP: 110/163 MP: 0/29
 36995 | Spider:4 | Got a gossamer rune of Zot
 37211 | Swamp:1  | Entered Level 1 of the Swamp
 37339 | Swamp:1  | Found a shimmering altar of Xom.
 37384 | Swamp:1  | Reached skill level 1 in Summonings
 40095 | Swamp:3  | Found a snail-covered altar of Cheibriados.
 40156 | Swamp:4  | Entered Level 4 of the Swamp
 40341 | Swamp:4  | Reached skill level 5 in Air Magic
 40768 | Swamp:4  | Reached XP level 20. HP: 172/172 MP: 32/32
 41057 | Swamp:4  | Noticed the 27-headed Lernaean hydra
 41065 | Swamp:4  | Killed the 26-headed Lernaean hydra
 41103 | Swamp:4  | Noticed Mara
 41116 | Swamp:4  | Noticed RatsArse's illusion
 41141 | Swamp:4  | Killed Mara
 41148 | Swamp:4  | Got a decaying rune of Zot
 42267 | D:14     | Found a gate to the Vaults.
 42603 | D:15     | Found Gocetum's Magic Scroll Shoppe.
 42707 | D:15     | Found a staircase to the Depths.
 43129 | D:14     | Found a gate to the Vaults.
 43786 | Vaults:1 | Entered Level 1 of the Vaults
 44813 | Vaults:1 | Reached skill level 5 in Summonings
 45300 | Vaults:2 | Found Utratege's Antique Weapon Emporium.
 45309 | Vaults:2 | Reached skill level 10 in Spellcasting
 45315 | Vaults:2 | Reached XP level 21. HP: 160/181 MP: 23/35
 45739 | Vaults:2 | Gained mutation: You occasionally shout uncontrollably at
                  | your foes. [the power of Zot]
 45739 | Vaults:2 | Gained mutation: You are clumsy. (Dex -2) [the power of
                  | Zot]
 46455 | Vaults:2 | Noticed Xtahua
 46466 | Vaults:2 | Killed Xtahua
 47674 | Vaults:3 | Reached XP level 22. HP: 188/190 MP: 16/36
 48673 | Vaults:3 | Found a staircase to the Crypt.
 48894 | Vaults:4 | Reached skill level 15 in Fighting
 49395 | Vaults:4 | Found an opulent altar of Gozag.
 49930 | Vaults:4 | Found Nakh's Gadget Boutique.
 49938 | Vaults:4 | Bought a phantom mirror for 390 gold pieces
 49938 | Vaults:4 | Bought a phantom mirror for 390 gold pieces
 50305 | Vaults:5 | Entered Level 5 of the Vaults
 50661 | Vaults:5 | Reached XP level 23. HP: 164/203 MP: 29/37
 51055 | Vaults:5 | Identified the +1 arbalest "Vejiv" {flame, rF+}
 51808 | Vaults:5 | Killed from afar by a shadow dragon

Levels and vault maps discovered:
D:1:      dpeg_arrival_prison, layout_basic, fountainhead, minmay_octomino_c4
D:2:      minmay_evil_eye, layout_loops_ring, eat_drink_and_be_merry_uskayaw
D:3:      layout_basic, uniq_natasha, uniq_ijyb
D:4:      layout_basic, first_ration, trog_hazing_becter
D:5:      minmay_polygon_palace, layout_basic, zin_angel, serial_glass,
          glass_columns_b, glass_columns_a, glass_columns_a, glass_columns_b,
          glass_columns_b, glass_columns_a, st_stairs_4
D:6:      layout_basic, tso_metal_star, minmay_temple_entry_wispy
D:7:      layout_basic, basic_altar
D:8:      layout_loops_corners, nicolae_ru_great_annihilating_truth,
          lemuel_coloured_pillars_altar, grunt_livestock, uniq_pikel
D:9:      layout_rooms, elyvilon_altar_5, gammafunk_ghost_wrathful_warriors,
          kennysheep_minor_cross
D:10:     hangedman_cross_cluster, layout_rooms, basic_altar, xom_redecorated
D:11:     layout_irregular_city, minmay_lair_entry_grove, serial_shops,
          nicolae_shop_window_shopping, uniq_erica, uniq_erolcha
D:12:     layout_loops_ring, erik_orc_4, serial_shops,
          nicolae_shop_temple_entry_statues_fountains, minmay_statues_item
D:13:     layout_loops_corners, nicolae_trove_entry_crossroad, uniq_maurice,
          uniq_rupert, uniq_urug
D:14:     layout_loops_corners, david_vaults_4, minmay_misc_feat_more_columns,
          hangedman_corner_corridor
D:15:     hangedman_depths_entry_try_elsewhere_first, layout_cross,
          minivault_27, serial_shops, shop, lightli_minifort, uniq_agnes
Lair:1:   layout_roguey, uniq_harold
Lair:2:   layout_misc_corridors, spider_nest_entry_a, lemuel_fruit_tree,
          grunt_megastairs_5
Lair:3:   layout_gridlike, swamp_mist_pool, basic_altar,
          portal_ice_cave_demonic_guard
Lair:4:   lemuel_reptile_caves, layout_layer_cave, beast_lair_carwin_3,
          minmay_lair_oklob_chamber
Lair:5:   layout_long_grid, slime_dummy, wad_woods_antlair, lemuel_fruit_fields,
          serial_bayou_shore_a
Lair:6:   grunt_lair_end_beastmaster, layout_small_grid, basic_altar,
          gammafunk_ghost_split, infiniplex_staircase_pool_2,
          grunt_megastairs_4, uniq_josephine, uniq_nessos
Swamp:1:  layout_falls_marsh, lemuel_altar_in_water, swamp_pool3,
          nicolae_swamp_fairy_circle, wheals_swamp_sinkhole,
          cheibrodos_swamp_pet_leeches
Swamp:2:  layout_basic_swamp, evilmike_swamp_ruin_house_1
Swamp:3:  layout_basic_swamp, basic_altar
Swamp:4:  grunt_swamp_rune_castle, layout_basic_swamp, swamp_pool1, uniq_mara
Spider:1: gammafunk_the_bubble [the_bubble_gammafunk_grid],
          gammafunk_ghost_tricky_traps
Spider:2: layout_chambers, nicolae_spider_cling_halls, uniq_nikola
Spider:3: layout_chambers
Spider:4: spider_rune_water, uniq_arachne, uniq_kirke
Orc:1:    nicolae_orc_accident_3, layout_caves, mines1_david
Orc:2:    st_orc_congregation, layout_diamond_mine, basic_altar, serial_shops,
          shop, shop, nicolae_shop_competitors_out_of_business, shop_fountains,
          nicolae_shop_overgrown_old_shop
Vaults:1: vaults_dpeg_doors, vaults_room_hallway, vaults_room_glass_cross,
          nicolae_vaults_sealed_display, grunt_vaults_focal,
          vaults_dpeg_encased_lava, layout_vaults_chaotic_city, serial_glass
Vaults:2: nicolae_vaults_network_barrier, v_misc_23, grunt_vaults_hallway_short,
          vaults_room_stairs_pillars, hangedman_vaults_cutoff,
          nicolae_vaults_quartermaster, vaults_standard_mumra_enter_the_diamond,
          nicolae_vaults_alarming, vaults_room_mumra_shop_pool,
          nicolae_vaults_little_squares_1, vaults_mumra_hex,
          hangedman_vaults_corner_blocks, v_misc_11, layout_vaults_maze,
          uniq_xtahua
Vaults:3: minmay_crypt_entry_simple_statues, vaults_room_octagon,
          nicolae_vaults_network_periphery, ontoclasm_vaults_echo,
          nicolae_vaults_circle_grid_b, vaults_room_corners,
          layout_vaults_omnigrid
Vaults:4: v_misc_29, nicolae_vaults_little_squares_3, dpeg_vaults_monster_row,
          hangedman_vaults_nails, grunt_vaults_diagonal, v_misc_24,
          nicolae_vaults_theta, ontoclasm_vaults_loading_screen,
          vaults_room_ringed_pool, hangedman_vaults_nodes, v_misc_14,
          hangedman_vaults_variations, nicolae_vaults_little_squares_2,
          v_misc_8, layout_vaults_omnicross, serial_shops,
          nicolae_shop_statue_plus, basic_altar
Vaults:5: uniq_jory

Skill      XL: |  1  2  3  4  5  6  7  8  9 10 11 12 13 14 15 16 17 18 19 20 21 22 23 |
---------------+----------------------------------------------------------------------+-----
Conjurations   | 1 |  1.3
Poison Magic   | 5 6 7 8 9 10 | 10.0
Armour         | 1 2 3 4 5 7 9 11 12 13 14 15 16 17 18 19 | 19.4
Spellcasting   | 3 4 5 6 7 8 10 | 10.0
Air Magic      | 1 2 3 4 5 6 7 |  7.0
Fighting       | 1 2 3 4 6 7 8 10 11 12 13 14 16 17 | 17.2
Axes           | 2 4 6 7 9 11 12 14 16 17 18 19 | 19.9
Shields        | 3 4 7 9 |  9.1
Throwing       | 1 2 3 4 5 6 |  6.7
Evocations     | 1 3 6 |  6.0
Invocations    | 4 5 6 9 10 11 12 13 14 | 14.7
Summonings     | 3 5 7 8 9 |  9.3
Polearms       | |  0.8
Dodging        | |  1.7
Stealth        | |  2.4
Unarmed Combat | |  0.1

Action                   |  1- 3 |  4- 6 |  7- 9 | 10-12 | 13-15 | 16-18 | 19-21 | 22-24 || total
-------------------------+-------+-------+-------+-------+-------+-------+-------+-------++-------
Melee: Unarmed           |    13 |       |       |       |       |       |       |       ||    13
       Short sword       |    38 |    31 |       |       |       |       |       |       ||    69
       Trident           |       |     2 |     2 |       |       |       |       |       ||     4
       War axe           |       |       |   213 |   461 |   183 |       |       |       ||   857
       Battleaxe         |       |       |     4 |       |   514 |   783 |   865 |   329 ||  2495
       Spear             |       |       |       |       |    87 |       |       |       ||    87
       Halberd           |       |       |       |       |     2 |       |       |       ||     2
       Hand axe          |       |       |       |       |       |       |       |     1 ||     1
Throw: Boomerang         |       |       |    48 |    39 |    54 |    26 |    84 |       ||   251
       Dart              |       |       |       |     1 |     2 |       |       |       ||     3
       Javelin           |       |       |       |       |     1 |     4 |     3 |       ||     8
 Cast: Sting             |    12 |    13 |       |       |       |       |       |       ||    25
       Poisonous Vapours |    28 |    61 |   102 |   237 |   156 |   139 |   118 |    52 ||   893
       Olgreb's Toxic Ra |       |       |    13 |    31 |    68 |   103 |    86 |    32 ||   333
       Mephitic Cloud    |       |       |       |     1 |       |       |       |       ||     1
       Summon Lightning  |       |       |       |       |       |       |     4 |     3 ||     7
Invok: Line Pass         |       |       |       |       |     1 |     3 |     1 |       ||     5
       Grand Finale      |       |       |       |       |       |       |     1 |       ||     1
 Abil: Shaft Self        |       |       |       |     1 |     1 |     1 |       |       ||     3
       Dig               |       |       |       |       |     2 |     1 |       |       ||     3
Evoke: Wand              |       |       |       |     9 |    15 |    12 |    10 |       ||    46
       Lamp of fire      |       |       |       |     1 |     1 |       |       |       ||     2
  Use: Scroll            |       |       |       |    15 |    11 |    22 |     8 |       ||    56
       Potion            |       |       |       |     5 |       |     2 |     5 |     6 ||    18
 Stab: Distracted        |     1 |       |       |       |       |       |     2 |       ||     3
       Sleeping          |       |       |     2 |       |       |       |       |       ||     2
       Paralysed         |       |       |       |     7 |    73 |   101 |   114 |    72 ||   367
       Confused          |       |       |       |       |     1 |     1 |     1 |       ||     3
       Invisible         |       |       |       |       |     1 |       |       |     6 ||     7
       Petrified         |       |       |       |       |       |     7 |       |       ||     7
  Eat: Chunk             |     5 |     9 |    17 |    23 |    30 |    36 |    33 |    12 ||   165
       Ration            |       |       |     2 |     4 |     5 |     4 |     4 |     1 ||    20
Armor: Robe              |     1 |       |       |       |       |       |       |       ||     1
       Leather armour    |    24 |     8 |    74 |    28 |       |       |       |       ||   134
       Chain mail        |       |       |       |   338 |   406 |       |       |       ||   744
       Troll leather arm |       |       |       |    31 |       |       |       |       ||    31
       Plate armour      |       |       |       |       |    81 |   660 |   405 |   138 ||  1284
Dodge: Dodged            |    49 |    23 |   140 |    86 |   201 |   238 |   154 |    82 ||   973
Block: Buckler           |       |       |    53 |    16 |       |       |       |       ||    69
       Shield            |       |       |       |   249 |   415 |   558 |   532 |   184 ||  1938
       Reflection        |       |       |       |       |       |       |    54 |    24 ||    78

Table legend:
 A = Non-vault XP
 B = Vault XP
 C = Vault XP percentage of total XP
 D = Non-vault monster count
 E = Vault monster count
 F = Vault count percentage of total count
                 A         B        C        D         E       F
            +---------+---------+-------+---------+---------+-------
      Total |  330285 |  328576 |  49.9 |    1025 |     613 |  37.4
            +---------+---------+-------+---------+---------+-------
        D:1 |      32 |      15 |  31.9 |      19 |      10 |  34.5
        D:2 |      46 |       8 |  14.8 |      14 |       3 |  17.6
        D:3 |      65 |      75 |  53.6 |      16 |       2 |  11.1
        D:4 |     424 |     145 |  25.5 |      18 |       8 |  30.8
        D:5 |     530 |     696 |  56.8 |      20 |      20 |  50.0
        D:6 |     584 |       0 |   0.0 |      18 |       0 |   0.0
        D:7 |    2093 |       0 |   0.0 |      32 |       0 |   0.0
        D:8 |     437 |    1712 |  79.7 |       9 |      10 |  52.6
        D:9 |    1613 |     894 |  35.7 |      22 |       1 |   4.3
       D:10 |    4707 |    2193 |  31.8 |      37 |      14 |  27.5
       D:11 |    5690 |    3191 |  35.9 |      24 |      14 |  36.8
       D:12 |    7402 |     629 |   7.8 |      31 |      14 |  31.1
       D:13 |    4446 |    5119 |  53.5 |      24 |       4 |  14.3
       D:14 |    8168 |    7289 |  47.2 |      17 |       8 |  32.0
       D:15 |   15752 |    5203 |  24.8 |      43 |       8 |  15.7
     Lair:1 |    1739 |    1013 |  36.8 |      10 |       1 |   9.1
     Lair:2 |    2568 |    1280 |  33.3 |      13 |       5 |  27.8
     Lair:3 |    5271 |     644 |  10.9 |      23 |       2 |   8.0
     Lair:4 |    4290 |    7767 |  64.4 |      19 |      40 |  67.8
     Lair:5 |    4370 |    4581 |  51.2 |      17 |      15 |  46.9
     Lair:6 |   12156 |   16642 |  57.8 |      32 |      33 |  50.8
    Swamp:1 |   16697 |     757 |   4.3 |      42 |       3 |   6.7
    Swamp:2 |   12007 |       0 |   0.0 |      29 |       0 |   0.0
    Swamp:3 |   11790 |       0 |   0.0 |      24 |       0 |   0.0
    Swamp:4 |   12174 |   28993 |  70.4 |      31 |      34 |  52.3
   Spider:1 |   16683 |   13659 |  45.0 |      55 |      26 |  32.1
   Spider:2 |   10812 |    3879 |  26.4 |      27 |       1 |   3.6
   Spider:3 |   16637 |    5014 |  23.2 |      40 |       3 |   7.0
   Spider:4 |   12413 |   28289 |  69.5 |      33 |      49 |  59.8
      Orc:1 |    2479 |     415 |  14.3 |      33 |       6 |  15.4
      Orc:2 |    6940 |   11433 |  62.2 |      50 |      64 |  56.1
   Vaults:1 |   31727 |    8159 |  20.5 |      49 |       7 |  12.5
   Vaults:2 |   42820 |   29800 |  41.0 |      68 |      42 |  38.2
   Vaults:3 |   19968 |   18790 |  48.5 |      26 |      19 |  42.2
   Vaults:4 |   22683 |   26058 |  53.5 |      41 |      39 |  48.8
   Vaults:5 |   12072 |   83038 |  87.3 |      19 |      64 |  77.1
      IceCv |       0 |   11196 | 100.0 |       0 |      44 | 100.0
            +---------+---------+-------+---------+---------+-------
